 Dungeon Crawl Stone Soup version 0.29.0-4-gdea44cf6ec (webtiles) character file.

Game seed: 2277280370639394829

1745 qw the Cleaver (level 8, -1/94 (106) HPs)
             Began as a Minotaur Berserker on Sept 10, 2022.
             Was an Elder of Trog.
             Slain by a wight
             ... wielding a +6 mace of freezing
              (4 damage)
             ... on level 7 of the Dungeon.
             The game lasted 00:02:37 (7804 turns).

qw the Cleaver (Minotaur Berserker)                 Turns: 7804, Time: 00:02:37

HP:   -1/94 (106)   AC: 17    Str: 23    XL:     8   Next: 77%
MP:   7/7           EV:  8    Int:  4    God:    Trog [****..]
Gold: 90            SH:  0    Dex: 11    Spells: 7/7 levels left

rFire   . . .      SeeInvis +   n - +2 hand axe (vamp)
rCold   . . .      Faith    .   (no shield)
rNeg    . . .      Spirit   .   f - +0 chain mail
rPois   .          Reflect  .   (helmet unavailable)
rElec   +          Harm     .   r - +1 cloak {rCorr}
rCorr   +          Rampage  .   (no gloves)
Will    .....                   h - +0 pair of boots
Stlth   ..........              (no amulet)
HPRegen 0.25/turn               c - ring of see invisible
MPRegen 0.10/turn               g - +4 ring of protection

@: berserking, marked, heavily drained, very quick
A: horns 3, retaliatory headbutt, electricity resistance
a: Renounce Religion, Berserk, Trog's Hand, Brothers in Arms


You were on level 7 of the Dungeon.
You worshipped Trog.
Trog was greatly pleased with you.
You visited 1 branch of the dungeon, and saw 7 of its levels.
You also visited: Sewer.

You collected 262 gold pieces.
You spent 172 gold pieces at shops.


Innate Abilities, Weirdness & Mutations

You have a pair of large horns on your head.
You reflexively headbutt those who attack you in melee.
You are resistant to electric shocks. (rElec)


   Skills:
 + Level 6.8 Fighting
 - Level 12.0 Axes
 - Level 4.4 Armour
 - Level 2.1 Dodging


You had 7 spell levels left.
You didn't know any spells.
Your spell library was empty.

Inventory:

Hand Weapons
 n - a +2 vampiric hand axe (weapon)
 p - a +0 morningstar
Armour
 f - a +0 chain mail (worn)
 h - a +0 pair of boots (worn)
 r - a +1 cloak of preservation (worn)
Jewellery
 c - a ring of see invisible (left hand)
 g - a +4 ring of protection (right hand)
 l - a ring of resist corrosion
Scrolls
 a - 5 scrolls of teleportation
 b - a scroll of identify
Potions
 d - a potion of invisibility {unknown}
 e - 5 potions of heal wounds
 j - 2 potions of might
 m - a potion of haste
 o - a potion of resistance {unknown}
 q - a potion of cancellation {unknown}
 t - a potion of mutation

Dungeon Overview and Level Annotations

Branches:
Dungeon (7/15)             Temple (0/1) D:5           Sewer (visited)

Altars:
Ashenzari
Fedhas
Kikubaaqudgha
Okawaru
Qazlal
Trog
Uskayaw
Wu Jian
Xom

Shops:
D:2 !   D:5 [


Message History

The arrow hits you but does no damage.
7799 ||| INVOKING Berserk.
A red film seems to cover your vision as you go berserk!
You feel yourself moving faster!
You feel mighty!
A bullfrog comes into view.
The wight hits you but does no damage.
The centaur shoots an arrow.
The arrow barely misses you.
The arrow hits the wight.
The wight hits you with a +0 long sword.
You feel drained.
You closely miss the wight. You headbutt the wight!
The wight is severely damaged.
You hit the wight. You completely miss the wight.
The wight hits you but does no damage. x2
The wight hits you with a +4 short sword.
You feel drained.
You slash the wight!
You destroy the wight!
Trog accepts your kill.
You barely miss the wight. You hit the wight. You hit the wight.
Your headbutt misses the wight.
The wight is severely damaged.
You slash the hornet! You slash the wight! You barely miss the wight.
The wight is severely damaged.
You slash the hornet!
You feel better.
You barely miss the wight.
An orc priest comes into view. It is wielding a +0 hand axe.
The wight hits you with a +6 mace of freezing.
The wight freezes you.
The wight hits you with a +4 short sword.
You feel drained. The hornet stings you.
You feel yourself slow down.
You barely miss the wight.
The wight is severely damaged.
You slash the hornet!
You feel better.
You hit the wight.
You feel yourself speed up. The hornet closely misses you.
The orc priest mumbles some strange prayers to Beogh against you.
Beogh smites you!
The wight hits you with a +6 mace of freezing!
You feel drained.
You die...

##########+#
#........#.#
#........#.#
#........#.##########
........['........%..
#o#.......c#.##########
##...####..%......... #
.....zz@z..#......... #
+####Fy##%.#...#####. #
.........#...# #
...###.....#...# # ..
y.<#..y#...# # .
.###..<..#.# #
......#.# # ###.#.... #
#


You could see a hornet, a bullfrog, a centaur, 3 wights and an orc priest.

Vanquished Creatures
  2 black bears
  A sky beast (D:7)
  2 phantoms (D:5)
  A kobold brigand (D:6)
  A bullfrog (D:7)
  2 necrophages
  2 scorpions
  2 wights (D:7)
  4 killer bees (D:7)
  An orc priest (D:6)
  3 hounds (D:5)
  A jelly (D:7)
  2 iguanas
  Natasha (D:3)
  3 orc wizards
  Ijyb (D:4)
  Robin (D:3)
  3 gnolls (D:5)
  6 river rats (Sewer)
  9 adders
  A shadow imp (D:5)
  A white imp (D:6)
  3 ufetubi
  A worm (D:4)
  3 dart slugs
  20 orcs
  An endoplasm (D:3)
  4 giant cockroaches
  13 goblins
  8 hobgoblins
  2 jackals (D:1)
  25 kobolds
  7 quokkas
  11 ball pythons
  4 bats
  3 frilled lizards
  29 rats
184 creatures vanquished.

Notes
Turn   | Place    | Note
-------+----------+-------------------------------------------
     0 | D:1      | qw the Minotaur Berserker began the quest for the Orb.
     0 | D:1      | Reached XP level 1. HP: 19/19 MP: 0/0
     0 | D:1      | 0 ||| qw: Version: 0.1-a-116-g5d60599
     0 | D:1      | 0 ||| qw: Game counter: 7617
     0 | D:1      | 0 ||| qw: Always use a shield: true
     0 | D:1      | 0 ||| qw: Do Orc after D:15 true
     0 | D:1      | 0 ||| qw: Do second Lair branch before Depths: true
     0 | D:1      | 0 ||| qw: Lair rune preference: random
     0 | D:1      | 0 ||| qw: Plans: Normal
     0 | D:1      | 0 ||| PLANNING D:1-11
    86 | D:1      | Reached skill level 4 in Axes
    95 | D:1      | 95 ||| Stepping ~*~*~tactically~*~*~ (hiding).
   105 | D:1      | 105 ||| INVOKING Berserk.
   107 | D:1      | Reached XP level 2. HP: 15/26 MP: 1/1
   425 | D:1      | 425 ||| Stepping ~*~*~tactically~*~*~ (stealth).
   646 | D:1      | 646 ||| Stepping ~*~*~tactically~*~*~ (hiding).
   710 | D:1      | 710 ||| Stepping ~*~*~tactically~*~*~ (stealth).
   722 | D:1      | Reached skill level 5 in Axes
   757 | D:1      | Reached XP level 3. HP: 31/31 MP: 2/2
   898 | D:1      | 898 ||| READING scroll labelled ORIWKU KUDUN.
   902 | D:1      | 902 ||| READING scroll labelled DEACWA EXOICS.
  1034 | D:1      | 1034 ||| READING scroll labelled OBRIURETOL.
  1035 | D:1      | 1035 ||| DRINKING 2 glowing clear potions.
  1036 | D:1      | 1036 ||| DRINKING 2 sedimented green potions.
  1037 | D:1      | 1037 ||| DRINKING 2 purple potions.
  1038 | D:1      | 1038 ||| DROPPING potion of flight.
  1039 | D:1      | 1039 ||| DROPPING potion of degeneration.
  1090 | D:2      | Identified the +9 quarterstaff of Faytt {vorpal, rN+ Str-2
                  | Dex+7}
  1318 | D:2      | Found Tinad's Distillery.
  1321 | D:2      | 1321 ||| SHOPLISTING 2 potions of resistance (220 gold,
                  | have 16).
  1321 | D:2      | 1321 ||| SHOPLISTING potion of curing (33 gold, have 16).
  1321 | D:2      | 1321 ||| SHOPLISTING potion of haste (110 gold, have 16).
  1321 | D:2      | 1321 ||| SHOPLISTING potion of might (44 gold, have 16).
  1321 | D:2      | 1321 ||| SHOPLISTING potion of mutation (88 gold, have 16).
  1328 | D:2      | 1328 ||| Stepping ~*~*~tactically~*~*~ (stealth).
  1329 | D:2      | 1329 ||| Stepping ~*~*~tactically~*~*~ (stealth).
  1433 | D:2      | 1433 ||| DROPPING +0 club.
  1679 | D:2      | Found a faded altar of an unknown god.
  2066 | D:2      | 2066 ||| UPGRADING to ring of see invisible.
  2067 | D:2      | 2067 ||| UPGRADING to +4 ring of protection.
  2068 | D:2      | 2068 ||| READING scroll labelled QACVUG DUCHOO.
  2069 | D:2      | 2069 ||| READING scroll labelled QESTRA KEIFOZ.
  2170 | D:2      | 2170 ||| READING scroll labelled OTI KOTUYSSA.
  2239 | D:3      | 2239 ||| Stepping ~*~*~tactically~*~*~ (hiding).
  2243 | D:3      | Noticed Robin
  2244 | D:3      | 2244 ||| STAIRDANCE
  2276 | D:3      | 2276 ||| STAIRDANCE
  2365 | D:3      | 2365 ||| STAIRDANCE
  2370 | D:2      | Reached ** piety under Trog
  2454 | D:3      | 2454 ||| STAIRDANCE
  2513 | D:3      | 2513 ||| STAIRDANCE
  2516 | D:2      | 2516 ||| INVOKING Berserk.
  2520 | D:2      | Reached skill level 6 in Axes
  2520 | D:2      | Reached XP level 4. HP: 28/39 MP: 3/3
  2672 | D:3      | 2672 ||| INVOKING Berserk.
  2675 | D:3      | Killed Robin
  2903 | D:3      | Found an ornate altar of the Wu Jian Council.
  2972 | D:3      | 2972 ||| Stepping ~*~*~tactically~*~*~ (hiding).
  2973 | D:3      | 2973 ||| Stepping ~*~*~tactically~*~*~ (hiding).
  2974 | D:3      | 2974 ||| Stepping ~*~*~tactically~*~*~ (hiding).
  2979 | D:3      | 2979 ||| INVOKING Berserk.
  3456 | D:3      | Noticed Natasha
  3460 | D:3      | 3460 ||| INVOKING Berserk.
  3467 | D:3      | Killed Natasha
  3468 | D:3      | Reached skill level 7 in Axes
  3468 | D:3      | Reached XP level 5. HP: 36/45 MP: 4/4
  3750 | D:3      | 3750 ||| UPGRADING to +0 chain mail.
  3760 | D:3      | 3760 ||| DROPPING +0 animal skin.
  3761 | D:3      | 3761 ||| UPGRADING to +0 pair of boots.
  3766 | D:3      | 3766 ||| READING scroll labelled UVASEIHOMN.
  3964 | D:4      | Noticed Ijyb
  3965 | D:4      | 3965 ||| INVOKING Berserk.
  3972 | D:4      | Killed Ijyb
  4119 | D:4      | Noticed a black bear
  4121 | D:4      | 4121 ||| Stepping ~*~*~tactically~*~*~ (stealth).
  4123 | D:4      | 4123 ||| Stepping ~*~*~tactically~*~*~ (stealth).
  4125 | D:4      | 4125 ||| INVOKING Berserk.
  4129 | D:4      | Killed a black bear
  4130 | D:4      | Reached XP level 6. HP: 52/52 MP: 5/5
  4131 | D:4      | Reached skill level 8 in Axes
  4378 | D:4      | 4378 ||| SWAPPING to +2 vampiric hand axe.
  4379 | D:4      | 4379 ||| DROPPING +0 hand axe.
  4448 | D:4      | Found a shimmering altar of Xom.
  4674 | D:4      | Found a bloodstained altar of Trog.
  4695 | D:4      | 4695 ||| READING scroll labelled SUNATA DAVO.
  4751 | D:5      | Entered Level 5 of the Dungeon
  4785 | D:5      | 4785 ||| Stepping ~*~*~tactically~*~*~ (stealth).
  4848 | D:5      | Reached skill level 9 in Axes
  4874 | D:5      | 4874 ||| DROPPING +0 mace.
  4878 | D:5      | 4878 ||| Stepping ~*~*~tactically~*~*~ (hiding).
  4992 | D:5      | Found a stormy altar of Qazlal.
  4998 | D:5      | Found a blossoming altar of Fedhas.
  5009 | D:5      | Reached skill level 3 in Armour
  5090 | D:5      | Reached XP level 7. HP: 58/60 MP: 6/6
  5312 | D:5      | Found a staircase to the Ecumenical Temple.
  5459 | D:5      | 5459 ||| Stepping ~*~*~tactically~*~*~ (stealth).
  5463 | D:5      | 5463 ||| FLEEEEING.
  5464 | D:5      | 5464 ||| FLEEEEING.
  5465 | D:5      | 5465 ||| FLEEEEING.
  5548 | D:5      | 5548 ||| Stepping ~*~*~tactically~*~*~ (hiding).
  5549 | D:5      | 5549 ||| Stepping ~*~*~tactically~*~*~ (hiding).
  5767 | D:5      | Found Worhosuz's Antique Armour Emporium.
  5772 | D:5      | 5772 ||| SHOPLISTING glimmering scale mail (207 gold, have
                  | 200).
  5772 | D:5      | 5772 ||| BUYING glowing cloak (172 gold).
  5772 | D:5      | Bought a glowing cloak for 172 gold pieces
  5830 | D:5      | Found an ancient bone altar of Kikubaaqudgha.
  5831 | D:5      | Found a hide-covered altar of Uskayaw.
  5898 | D:5      | 5898 ||| UPGRADING to +1 cloak of preservation.
  5903 | D:5      | 5903 ||| READING scroll labelled XIESMUN LIERHI.
  5904 | D:5      | 5904 ||| DRINKING 2 bubbling blue potions.
  5905 | D:5      | 5905 ||| READING 5 scrolls of identify.
  5905 | D:5      | 5905 ||| IDENTIFYING bubbling inky potion
  5906 | D:5      | 5906 ||| READING 4 scrolls of identify.
  5906 | D:5      | 5906 ||| IDENTIFYING sapphire potion
  5907 | D:5      | 5907 ||| READING 3 scrolls of identify.
  5907 | D:5      | 5907 ||| IDENTIFYING black potion
  5908 | D:5      | 5908 ||| READING 2 scrolls of identify.
  5908 | D:5      | 5908 ||| IDENTIFYING sedimented inky potion
  5909 | D:5      | 5909 ||| DROPPING potion of brilliance.
  5910 | D:5      | 5910 ||| DROPPING potion of attraction.
  5911 | D:5      | 5911 ||| DROPPING potion of lignification.
  5947 | D:6      | 5947 ||| PLANNING SEWER
  5955 | D:6      | 5955 ||| Stepping ~*~*~tactically~*~*~ (stealth).
  5966 | D:6      | Reached skill level 10 in Axes
  5992 | D:6      | Found a broken altar of Ashenzari.
  6027 | D:6      | Found an iron altar of Okawaru.
  6030 | D:6      | 6030 ||| Stepping ~*~*~tactically~*~*~ (stealth).
  6037 | D:6      | 6037 ||| Stepping ~*~*~tactically~*~*~ (hiding).
  6045 | D:6      | 6045 ||| INVOKING Berserk.
  6065 | D:6      | 6065 ||| Stepping ~*~*~tactically~*~*~ (stealth).
  6071 | D:6      | 6071 ||| Stepping ~*~*~tactically~*~*~ (stealth).
  6119 | D:6      | 6119 ||| Stepping ~*~*~tactically~*~*~ (stealth).
  6273 | D:6      | Found a glowing drain.
  6283 | D:6      | 6283 ||| Stepping ~*~*~tactically~*~*~ (stealth).
  6285 | D:6      | 6285 ||| Stepping ~*~*~tactically~*~*~ (hiding).
  6286 | D:6      | 6286 ||| INVOKING Berserk.
  6290 | D:6      | Reached skill level 6 in Fighting
  6290 | D:6      | Reached XP level 8. HP: 70/70 MP: 7/7
  6415 | Sewer    | Entered a sewer
  6532 | Sewer    | Reached *** piety under Trog
  6619 | Sewer    | 6619 ||| Stepping ~*~*~tactically~*~*~ (water).
  6776 | Sewer    | 6776 ||| Stepping ~*~*~tactically~*~*~ (stealth).
  6988 | Sewer    | 6988 ||| DROPPING scarf of harm.
  6989 | Sewer    | 6989 ||| READING scroll labelled OSOLAIMPUPN.
  6990 | Sewer    | 6990 ||| DRINKING 3 viscous clear potions.
  6991 | Sewer    | 6991 ||| DRINKING 2 lumpy golden potions.
  6991 | Sewer    | Gained mutation: You are resistant to electric shocks.
                  | (rElec) [potion of mutation]
  6991 | Sewer    | Gained mutation: You have a pair of large horns on your
                  | head. [potion of mutation]
  6992 | Sewer    | 6992 ||| READING 2 scrolls of identify.
  6992 | Sewer    | 6992 ||| IDENTIFYING silvery potion
  6993 | Sewer    | 6993 ||| DROPPING 2 potions of magic.
  7029 | D:6      | 7029 ||| PLANNING D:1-11
  7116 | D:6      | 7116 ||| Stepping ~*~*~tactically~*~*~ (hiding).
  7117 | D:6      | 7117 ||| Stepping ~*~*~tactically~*~*~ (hiding).
  7119 | D:6      | 7119 ||| Stepping ~*~*~tactically~*~*~ (hiding).
  7121 | D:6      | 7121 ||| Stepping ~*~*~tactically~*~*~ (hiding).
  7126 | D:6      | 7126 ||| DRINKING potion of curing.
  7126 | D:6      | 7126 ||| (to cure confusion)
  7129 | D:6      | Reached **** piety under Trog
  7356 | D:6      | 7356 ||| Stepping ~*~*~tactically~*~*~ (stealth).
  7358 | D:6      | 7358 ||| Stepping ~*~*~tactically~*~*~ (hiding).
  7360 | D:6      | 7360 ||| Stepping ~*~*~tactically~*~*~ (hiding).
  7612 | D:7      | Reached skill level 11 in Axes
  7713 | D:7      | 7713 ||| INVOKING Berserk.
  7725 | D:7      | 7725 ||| Stepping ~*~*~tactically~*~*~ (stealth).
  7773 | D:7      | 7773 ||| Stepping ~*~*~tactically~*~*~ (stealth).
  7792 | D:7      | Reached skill level 12 in Axes
  7793 | D:7      | Noticed a hornet
  7799 | D:7      | 7799 ||| INVOKING Berserk.
  7803 | D:7      | HP: 24/97 [wight/+4 short sword (3)]
  7804 | D:7      | HP: 3/97 [wight/+6 mace of freezing (9)]
  7804 | D:7      | Slain by a wight

Levels and vault maps discovered:
D:1:      dpeg_arrival_leaves_temple_mockup, layout_rooms, serial_forest,
          infiniplex_forest_straight_2, infiniplex_forest_lined_corner,
          infiniplex_forest_end_2, infiniplex_forest_corner_1,
          infiniplex_forest_lined_ring, infiniplex_forest_end_3,
          infiniplex_forest_lined_room_, infiniplex_forest_end_3
D:2:      layout_loops_corners, nicolae_ecumenical_pavilion, serial_shops,
          nicolae_shop_behind_doors, minmay_misc_feat_five
D:3:      layout_basic, nicolae_overflow_crystal_walls, uniq_natasha, uniq_robin
D:4:      layout_loops_cross, general_overflow_altar, trog_butcher_becter,
          nicolae_titane, uniq_ijyb
D:5:      layout_basic, grunt_temple_overflow_forces_of_nature,
          mainiacjoe_overflow_divided_tiny, minmay_temple_entry_poolview,
          serial_shops, kennysheep_little_box
D:6:      layout_basic, okawaru_trees_1, nicolae_ashenzari_panopticon,
          portal_sewer_entry_f
D:7:      layout_basic

Skill      XL: |  1  2  3  4  5  6  7  8 |
---------------+-------------------------+-----
Axes           | 4 5 6 7 9 10 12 | 12.0
Fighting       | 4 6 |  6.8
Armour         | 3 4 |  4.4
Dodging        | |  2.1

Action                   |  1- 3 |  4- 6 |  7- 9 || total
-------------------------+-------+-------+-------++-------
Melee: Hand axe          |    78 |   124 |   254 ||   456
       Headbutt          |    10 |    13 |    35 ||    58
       Unarmed           |       |     7 |       ||     7
       Punch             |       |     1 |       ||     1
Invok: Berserk           |     2 |     5 |     4 ||    11
  Use: Scroll            |     6 |     2 |     7 ||    15
       Potion            |     3 |       |     4 ||     7
Armor: Animal skin       |    29 |    10 |       ||    39
       Chain mail        |       |    32 |   104 ||   136
Dodge: Dodged            |    67 |    38 |    93 ||   198

Table legend:
 A = Non-vault XP
 B = Vault XP
 C = Vault XP percentage of total XP
 D = Non-vault monster count
 E = Vault monster count
 F = Vault count percentage of total count
                 A         B        C        D         E       F
            +---------+---------+-------+---------+---------+-------
      Total |    2208 |     286 |  11.5 |     108 |      76 |  41.3
            +---------+---------+-------+---------+---------+-------
        D:1 |      41 |       0 |   0.0 |      24 |       0 |   0.0
        D:2 |      34 |      21 |  38.2 |       6 |      11 |  64.7
        D:3 |      72 |      51 |  41.5 |      13 |       2 |  13.3
        D:4 |     220 |      43 |  16.3 |      15 |       5 |  25.0
        D:5 |     595 |       0 |   0.0 |      13 |       0 |   0.0
        D:6 |     564 |       8 |   1.4 |      26 |       4 |  13.3
        D:7 |     682 |       0 |   0.0 |      11 |       0 |   0.0
      Sewer |       0 |     163 | 100.0 |       0 |      54 | 100.0
            +---------+---------+-------+---------+---------+-------
